 Dungeon Crawl Stone Soup version 0.21-a0-404-g291f19a (webtiles) character file.

139 TheDeThijs the Poker (level 5, -1/38 HPs)
             Began as a Merfolk Gladiator on Oct 31, 2017.
             Was a Follower of Elyvilon.
             Slain by Edmund
             ... wielding a +3 flail of protection
              (3 damage)
             ... on level 4 of the Dungeon.
             The game lasted 00:13:28 (2766 turns).

TheDeThijs the Poker (Merfolk Gladiator)            Turns: 2766, Time: 00:13:29

Health: -1/38      AC:  5    Str: 16    XL:     5   Next: 22%
Magic:  0/5        EV: 15    Int:  7    God:    Elyvilon [*.....]
Gold:   122        SH:  0    Dex: 15    Spells: 4/4 levels left

rFire    . . .     SeeInvis .   a - +0 trident
rCold    . . .     Gourm    .   (no shield)
rNeg     . . .     Faith    .   b - +0 leather armour
rPois    .         Spirit   +   c - +0 helmet
rElec    .         Reflect  .   t - scarf {Spirit}
rCorr    .         Harm     .   (no gloves)
MR       .....                  w - +0 pair of boots
Stlth    +.........             u - amulet of rage
HPRegen  0.12/turn              (no ring)
MPRegen  0.09/turn              (no ring)

@: no status effects
A: change form in water, swift swim, stealthy swim
a: Lesser Healing, Divine Protection, Renounce Religion, Evoke Berserk Rage


You were on level 4 of the Dungeon.
You worshipped Elyvilon.
Elyvilon was aware of your devotion.
You were hungry.

You visited 1 branch of the dungeon, and saw 4 of its levels.

You collected 122 gold pieces.

Inventory:

Hand Weapons
 a - a +0 trident (weapon)
Missiles
 d - 3 throwing nets
 k - 23 stones (quivered)
Armour
 b - a +0 leather armour (worn)
 c - a +0 helmet (worn)
 e - a +0 helmet
 t - a scarf of spirit shield (worn)
 v - a +0 large shield
 w - a +0 pair of boots (worn)
Jewellery
 u - an amulet of rage (around neck)
Wands
 s - a wand of confusion (17/48)
Scrolls
 h - 2 scrolls of identify
 j - a scroll of noise {unknown}
 l - 2 scrolls of teleportation {unknown}
 o - 2 scrolls of immolation {unknown}
 p - a scroll of blinking {unknown}
 x - a scroll of magic mapping {unknown}
Potions
 g - a potion of cancellation {unknown}
 i - a potion of agility {unknown}
 m - 4 potions of curing {unknown}
 q - a potion of ambrosia {unknown}
 r - a potion of brilliance {unknown}
Comestibles
 f - 2 bread rations
 n - a meat ration


   Skills:
 - Level 2.3 Fighting
 + Level 6.9 Polearms
 - Level 2.0 Throwing
 + Level 5.6 Dodging
 + Level 0.1 Invocations


You had 4 spell levels left.
You didn't know any spells.

Dungeon Overview and Level Annotations

Branches:
Dungeon (4/15)             Temple (0/1) D:4

Altars:
Ashenzari
Elyvilon

Annotations:
D:4 Edmund; EnegeticOcto's ghost, amateur CeAM


Message History

Edmund hits you with a flail of protection.
You closely miss Edmund.
Edmund is moderately wounded.
You closely miss Edmund.
Edmund is moderately wounded.
Edmund hits you with a flail of protection.
You hit Edmund but do no damage.
Edmund is moderately wounded.
Edmund completely misses you.
You hit Edmund.
Edmund is moderately wounded.
Edmund hits you with a flail of protection!
* * * LOW HITPOINT WARNING * * *
You hit Edmund but do no damage.
Edmund is moderately wounded.
Edmund closely misses you.
You hit Edmund.
Edmund is moderately wounded.
Edmund hits you with a flail of protection.
You die...

####### #...... #...... ####
#...... ########..# #......
#.........####### #......
#.#######?....... #......###
#.# #.......) #........# #@#
#(....... #......#.# #@#
#........ #......#.# #r#
#........
#......#.#####.#######........
###.####..##......#.......#.#.
#...o.#.......<.#.......#.#
.......##........)...........
#...........................#
#.#....#.........#.........##


You could see Edmund and a quokka.

Vanquished Creatures
  An orc wizard (D:4)
  4 adders
  A worm (D:4)
  3 dart slugs
  4 leopard geckos
  8 orcs
  3 giant cockroaches (D:3)
  3 goblins
  6 hobgoblins
  2 quokkas
  3 bats
  2 frilled lizards (D:2)
  8 kobolds
  10 rats
58 creatures vanquished.

Notes
Turn   | Place    | Note
-------+----------+-------------------------------------------
     0 | D:1      | TheDeThijs the Merfolk Gladiator began the quest for the Orb.
     0 | D:1      | Reached XP level 1. HP: 16/16 MP: 1/1
   149 | D:1      | Found a shattered altar of Ashenzari.
   249 | D:1      | Reached XP level 2. HP: 22/22 MP: 2/2
   609 | D:2      | Reached skill level 5 in Polearms
   611 | D:2      | Reached XP level 3. HP: 18/27 MP: 3/3
  1328 | D:2      | Found a white marble altar of Elyvilon.
  1339 | D:2      | Became a worshipper of Elyvilon the Healer
  1627 | D:3      | Reached skill level 6 in Polearms
  1627 | D:3      | Reached XP level 4. HP: 27/33 MP: 4/4
  1638 | D:3      | Reached skill level 5 in Dodging
  1841 | D:3      | Reached * piety under Elyvilon
  2115 | D:4      | Noticed EnegeticOcto's ghost (amateur CeAM)
  2144 | D:4      | Found a staircase to the Ecumenical Temple.
  2162 | D:4      | HP: 1/33 [EnegeticOcto's ghost (4)]
  2530 | D:4      | Reached XP level 5. HP: 23/38 MP: 3/5
  2693 | D:4      | Noticed Edmund
  2764 | D:4      | HP: 1/38 [Edmund/flail of protection (11)]
  2766 | D:4      | Slain by Edmund

Vault maps used:
D:1:      dpeg_arrival_central, ashenzari_altar_1
D:2:      elyvilon_altar_3, serial_curves, eino_curves_01, eino_curves_01,
          first_bread
D:3:      grunt_ministairs_15, st_stairs_14
D:4:      minmay_diamond_boxcup, minmay_temple_entry_mist, minmay_hedge_maze,
          uniq_edmund

Skill      XL: |  1  2  3  4 |
---------------+-------------+-----
Polearms       | 5 6 |  6.9
Dodging        | 5 |  5.6
Fighting       | |  2.3
Throwing       | |  2.0
Invocations    | |  0.1

Action                   |  1- 3 |  4- 6 || total
-------------------------+-------+-------++-------
Melee: Trident           |    98 |   121 ||   219
Throw: Stone             |    19 |    30 ||    49
Invok: Lesser Healing    |       |     2 ||     2
  Use: Scroll            |     1 |       ||     1
 Stab: Distracted        |     1 |       ||     1
  Eat: Bread ration      |     1 |       ||     1
       Chunk             |     1 |       ||     1
Armor: Leather armour    |    20 |    21 ||    41
Dodge: Dodged            |    75 |    98 ||   173

Table legend:
 A = Spawn XP
 B = Non-spawn XP
 C = Spawn XP percentage of total XP
 D = Spawn monster count
 E = Non-spawn monster count
 F = Spawn count percentage of total count
 G = Total turns spent on level
                    A         B        C        D         E        F      G
               +---------+---------+-------+---------+---------+-------+---------
         Total |       0 |     199 |   0.0 |       0 |      58 |   0.0 |  2766
               +---------+---------+-------+---------+---------+-------+---------
           D:1 |       0 |      16 |   0.0 |       0 |       7 |   0.0 |   535
           D:2 |       0 |      47 |   0.0 |       0 |      23 |   0.0 |  1042
           D:3 |       0 |      79 |   0.0 |       0 |      22 |   0.0 |   842
           D:4 |       0 |      57 |   0.0 |       0 |       6 |   0.0 |   347
               +---------+---------+-------+---------+---------+-------+---------
